SL
PHILADELPHIA 1776 BC @ GRAFTON MIDDIES
07/04/2029
 
TOP OF THE 1ST
Philadelphia 1776 BC batting - Pitching for Grafton Middies : RHP Dave Turner
Pitching: RHP Dave Turner
Batting: LHB José Rodríguez 0-0: Called Strike
0-1: Called Strike
0-2: Foul Ball, location: 2F
0-2: Foul Ball, location: 2F
0-2: Ball
1-2: Foul Ball, location: 2F
1-2: Ball
2-2: Foul Ball, location: 2F
2-2: Ground out 1-3 (Groundball, 13S)
Batting: LHB Tony Vega 0-0: Swinging Strike
0-1: Ball
1-1: Swinging Strike
1-2: Strikes out looking
Batting: LHB Manoo Satyavrat 0-0: Ball
1-0: Foul Ball, location: 2F
1-1: Foul Ball, location: 2F
1-2: Fly out, F8 (Line Drive, 8RM)
Top of the 1st over - 0 runs, 0 hits, 0 errors, 0 left on base; Philadelphia 1776 0 - Grafton 0
BOTTOM OF THE 1ST
Grafton Middies batting - Pitching for Philadelphia 1776 BC : RHP William MacKnight
Pitching: RHP William MacKnight
Batting: RHB Pedro Santos 0-0: Ball
1-0: SINGLE (Groundball, 56D)
Batting: RHB Carlos Maldonado 0-0: Ball
1-0: Grounds into double play, 5-4-3 (Groundball, 56)
Batting: LHB Mario Ramos 0-0: Called Strike
0-1: Called Strike
0-2: Ball
1-2: Strikes out looking
Bottom of the 1st over - 0 runs, 1 hit, 0 errors, 0 left on base; Philadelphia 1776 0 - Grafton 0
TOP OF THE 2ND
Philadelphia 1776 BC batting - Pitching for Grafton Middies : RHP Dave Turner
Batting: LHB Jeff Rutherford 0-0: Ball
1-0: Ball
2-0: Ball
3-0: Base on Balls
Batting: SHB Jesús Cabañe 0-0: Ball
1-0: Hit by Pitch
Jeff Rutherford to second
Batting: SHB Sam Quint 0-0: Ball
1-0: Called Strike
1-1: Swinging Strike
1-2: SINGLE (Groundball, 34S) (infield hit)
Jeff Rutherford to third
Jesús Cabañe to second
Batting: RHB Fernando Rivera 0-0: Swinging Strike
0-1: Called Strike
0-2: Strikes out swinging
Batting: RHB Patrizio Vanali 0-0: Ball
1-0: Swinging Strike
1-1: Ball
2-1: Fly out, F8 (Flyball, 89D)
Runner from 3rd tags up, SCORES, throw made
Batting: LHB Cliff Aldridge Balk!
Jesús Cabañe to third
Sam Quint to second
0-0: Called Strike
0-1: Ball
1-1: Ball
2-1: Called Strike
2-2: Ground out U3 (Groundball, 3)
Top of the 2nd over - 1 run, 1 hit, 0 errors, 2 left on base; Philadelphia 1776 1 - Grafton 0
BOTTOM OF THE 2ND
Grafton Middies batting - Pitching for Philadelphia 1776 BC : RHP William MacKnight
Batting: RHB Cristo González 0-0: Called Strike
0-1: Called Strike
0-2: Fly out, F7 (Flyball, 7S)
Batting: RHB Stefano Gaddi 0-0: Foul Ball, location: 2F
0-1: Fly out, F8 (Flyball, 8LXD)
Batting: LHB Phil MacNamara 0-0: Called Strike
0-1: Foul Ball, location: 2F
0-2: Ball
1-2: Ball
2-2: Ball
3-2: Foul Ball, location: 2F
3-2: Fly out, F8 (Flyball, 8LS)
Bottom of the 2nd over - 0 runs, 0 hits, 0 errors, 0 left on base; Philadelphia 1776 1 - Grafton 0
TOP OF THE 3RD
Philadelphia 1776 BC batting - Pitching for Grafton Middies : RHP Dave Turner
Batting: LHB José Rodríguez 0-0: Ball
1-0: Ball
2-0: Called Strike
2-1: Foul Ball, location: 2F
2-2: Ball
3-2: Strikes out swinging
Batting: LHB Tony Vega 0-0: Ball
1-0: Ball
2-0: Called Strike
2-1: Ball
3-1: Called Strike
3-2: Base on Balls
Batting: LHB Manoo Satyavrat 0-0: Called Strike
0-1: Foul Ball, location: 2F
0-2: Ball
1-2: Strikes out looking
Batting: LHB Jeff Rutherford 0-0: Called Strike
0-1: Foul Ball, location: 2F
0-2: Strikes out looking
Top of the 3rd over - 0 runs, 0 hits, 0 errors, 1 left on base; Philadelphia 1776 1 - Grafton 0
BOTTOM OF THE 3RD
Grafton Middies batting - Pitching for Philadelphia 1776 BC : RHP William MacKnight
Batting: RHB Dave Ash 0-0: Ball
1-0: Ground out 6-3 (Groundball, 6)
Batting: LHB John Meléndez 0-0: Ball
1-0: SINGLE (Groundball, 56D)
Batting: SHB Jorge Colomo 0-0: Ball
1-0: Called Strike
1-1: Foul Ball, location: 2F
1-2: Fly out, F8 (Line Drive, 8RD)
Batting: RHB Pedro Santos 0-0: Foul Ball, location: 2F
0-1: Foul Ball, location: 2F
0-2: Foul Ball, location: 2F
0-2: Ball
Throwing error on steal attempt, E2
John Meléndez to third
1-2: Ground out 6-3 (Groundball, 6)
Bottom of the 3rd over - 0 runs, 1 hit, 1 error, 1 left on base; Philadelphia 1776 1 - Grafton 0
TOP OF THE 4TH
Philadelphia 1776 BC batting - Pitching for Grafton Middies : RHP Dave Turner
Batting: SHB Jesús Cabañe 0-0: Fly out, F9 (Flyball, 89D)
Batting: SHB Sam Quint 0-0: Called Strike
0-1: Called Strike
0-2: Ball
1-2: Foul Ball, location: 2F
1-2: Foul Ball, location: 2F
1-2: Foul Ball, location: 2F
1-2: Ball
2-2: Foul Ball, location: 2F
2-2: Fly out, F3 (Line Drive, 3S)
Batting: RHB Fernando Rivera 0-0: Called Strike
0-1: Called Strike
0-2: Ball
1-2: Fly out, F6 (Popup, 6)
Top of the 4th over - 0 runs, 0 hits, 0 errors, 0 left on base; Philadelphia 1776 1 - Grafton 0
BOTTOM OF THE 4TH
Grafton Middies batting - Pitching for Philadelphia 1776 BC : RHP William MacKnight
Batting: RHB Carlos Maldonado 0-0: Ball
1-0: Ball
2-0: Fly out, F7 (Flyball, 7LM)
Batting: LHB Mario Ramos 0-0: Ball
1-0: Ball
2-0: Foul Ball, location: 2F
2-1: Ball
3-1: Base on Balls
Batting: RHB Cristo González 0-0: Called Strike
0-1: Ball
1-1: Fly out, F7 (Flyball, 7)
Batting: RHB Stefano Gaddi 0-0: Fielders Choice at 2nd, U6 (Groundball, 6M)
Bottom of the 4th over - 0 runs, 0 hits, 0 errors, 1 left on base; Philadelphia 1776 1 - Grafton 0
TOP OF THE 5TH
Philadelphia 1776 BC batting - Pitching for Grafton Middies : RHP Dave Turner
Batting: RHB Patrizio Vanali 0-0: Called Strike
0-1: Ball
1-1: Foul Ball, location: 2F
1-2: Ball
2-2: Ball
3-2: Strikes out looking
Batting: LHB Cliff Aldridge 0-0: Swinging Strike
0-1: Foul Ball, location: 2F
0-2: Foul Ball, location: 2F
0-2: Ball
1-2: Ball
2-2: Strikes out swinging
Batting: LHB José Rodríguez 0-0: Ball
1-0: Ball
2-0: Ball
3-0: Called Strike
3-1: Foul Ball, location: 2F
3-2: Base on Balls
Batting: LHB Tony Vega 0-0: SINGLE (Line Drive, 9S)
José Rodríguez to second
Runner from 2nd tries for 3rd, SAFE, throw made to third
Pitching: RHP Bob Browning
Batting: LHB Manoo Satyavrat 0-0: Swinging Strike
0-1: Ball
1-1: Foul Ball, location: 2F
1-2: Ball
2-2: Ball
3-2: SINGLE (Groundball, 6) (infield hit)
José Rodríguez scores
Tony Vega to second
Batting: LHB Jeff Rutherford 0-0: Called Strike
0-1: Ground out 1-3 (Groundball, 13S)
Top of the 5th over - 1 run, 2 hits, 0 errors, 2 left on base; Philadelphia 1776 2 - Grafton 0
BOTTOM OF THE 5TH
Grafton Middies batting - Pitching for Philadelphia 1776 BC : RHP William MacKnight
Batting: LHB Phil MacNamara 0-0: Swinging Strike
0-1: Ball
1-1: Called Strike
1-2: Strikes out looking
Batting: RHB Dave Ash 0-0: Ball
1-0: Foul Ball, location: 2F
1-1: Ball
2-1: Foul Ball, location: 2F
2-2: Foul Ball, location: 2F
2-2: SINGLE (Line Drive, 4MD)
Batting: LHB John Meléndez 0-0: Ball
1-0: Ball
2-0: Ball
3-0: Base on Balls
Dave Ash to second
Batting: SHB Jorge Colomo 0-0: Called Strike
0-1: Ball
1-1: Fly out, F8 (Flyball, 8RS)
Batting: RHB Pedro Santos 0-0: Ground out 4-3 (Groundball, 4MS)
Bottom of the 5th over - 0 runs, 1 hit, 0 errors, 2 left on base; Philadelphia 1776 2 - Grafton 0
TOP OF THE 6TH
Philadelphia 1776 BC batting - Pitching for Grafton Middies : RHP Bob Browning
Batting: SHB Jesús Cabañe 0-0: Called Strike
0-1: Swinging Strike
0-2: Strikes out looking
Batting: SHB Sam Quint 0-0: Fly out, F6 (Popup, 4MS)
Batting: RHB Fernando Rivera 0-0: Called Strike
0-1: Ball
1-1: Ground out 5-3 (Groundball, 56)
Top of the 6th over - 0 runs, 0 hits, 0 errors, 0 left on base; Philadelphia 1776 2 - Grafton 0
BOTTOM OF THE 6TH
Grafton Middies batting - Pitching for Philadelphia 1776 BC : RHP William MacKnight
Batting: RHB Carlos Maldonado 0-0: Ball
1-0: Called Strike
1-1: Foul Ball, location: 2F
1-2: Fly out, F9 (Flyball, 89M)
Batting: LHB Mario Ramos 0-0: Ball
1-0: Foul Ball, location: 2F
1-1: Called Strike
1-2: Foul Ball, location: 2F
1-2: Ball
2-2: SOLO HOME RUN (Flyball, 7LD), Distance : 379 ft
Batting: RHB Cristo González 0-0: Called Strike
0-1: Fly out, F8 (Flyball, 8RD)
Batting: RHB Stefano Gaddi 0-0: Called Strike
0-1: Fly out, F7 (Flyball, 7LMF)
Bottom of the 6th over - 1 run, 1 hit, 0 errors, 0 left on base; Philadelphia 1776 2 - Grafton 1
TOP OF THE 7TH
Philadelphia 1776 BC batting - Pitching for Grafton Middies : RHP Bob Browning
Batting: RHB Patrizio Vanali 0-0: Called Strike
0-1: Fly out, F8 (Flyball, 89D)
Batting: LHB Cliff Aldridge 0-0: SINGLE (Flyball, 9S)
Batting: LHB José Rodríguez 0-0: Ball
1-0: Foul Ball, location: 2F
1-1: SINGLE (Groundball, 56D)
Cliff Aldridge to second
Batting: LHB Tony Vega 0-0: Hit by Pitch
Cliff Aldridge to third
José Rodríguez to second
Batting: LHB Manoo Satyavrat 0-0: Ball
1-0: Ball
2-0: Foul Ball, location: 2F
2-1: Grounds into fielders choice 4-2 (Groundball, 34)
José Rodríguez to third
Tony Vega to second
Batting: LHB Jeff Rutherford 0-0: Foul Ball, location: 2F
0-1: Ball
1-1: Ball
2-1: Ball
3-1: Base on Balls
José Rodríguez scores
Tony Vega to third
Manoo Satyavrat to second
Batting: SHB Jesús Cabañe 0-0: Ground out 4-3 (Groundball, 4)
Top of the 7th over - 1 run, 2 hits, 0 errors, 3 left on base; Philadelphia 1776 3 - Grafton 1
BOTTOM OF THE 7TH
Grafton Middies batting - Pitching for Philadelphia 1776 BC : RHP William MacKnight
Batting: LHB Phil MacNamara 0-0: Ball
1-0: Fly out, F8 (Flyball, 8LM)
Batting: RHB Dave Ash 0-0: Ball
1-0: Ground out 6-3 (Groundball, 6)
Batting: LHB John Meléndez 0-0: Ball
1-0: Ground out 4-3 (Groundball, 4M)
Bottom of the 7th over - 0 runs, 0 hits, 0 errors, 0 left on base; Philadelphia 1776 3 - Grafton 1
TOP OF THE 8TH
Philadelphia 1776 BC batting - Pitching for Grafton Middies : RHP Bob Browning
Pitching: RHP Truman Valentine
Batting: SHB Sam Quint 0-0: Ground out 5-3 (Groundball, 56S)
Batting: RHB Fernando Rivera 0-0: Called Strike
0-1: Ball
1-1: Foul Ball, location: 2F
1-2: Strikes out looking
Batting: RHB Patrizio Vanali 0-0: Ball
1-0: Called Strike
1-1: Swinging Strike
1-2: Foul Ball, location: 2F
1-2: Ball
2-2: Foul Ball, location: 2F
2-2: Ball
3-2: Base on Balls
Batting: LHB Cliff Aldridge 0-0: SINGLE (Groundball, 4) (infield hit)
Patrizio Vanali to second
Batting: LHB José Rodríguez 0-0: Called Strike
0-1: Foul Ball, location: 2F
0-2: Ball
1-2: Foul Ball, location: 2F
1-2: Ball
2-2: Foul Ball, location: 2F
2-2: SINGLE (Groundball, 4MD)
Patrizio Vanali to third
Cliff Aldridge to second
Runner from 3rd tries for Home, SAFE, no throw
Batting: LHB Tony Vega 0-0: Ball
1-0: Called Strike
1-1: Called Strike
1-2: Ball
2-2: Strikes out swinging
Top of the 8th over - 1 run, 2 hits, 0 errors, 2 left on base; Philadelphia 1776 4 - Grafton 1
BOTTOM OF THE 8TH
Grafton Middies batting - Pitching for Philadelphia 1776 BC : RHP William MacKnight
Batting: SHB Jorge Colomo 0-0: Foul Ball, location: 2F
0-1: Ground out 4-3 (Groundball, 4)
Batting: RHB Pedro Santos 0-0: Called Strike
0-1: Ball
1-1: Swinging Strike
1-2: Strikes out swinging
Batting: RHB Carlos Maldonado 0-0: Ground out 4-3 (Groundball, 4M)
Bottom of the 8th over - 0 runs, 0 hits, 0 errors, 0 left on base; Philadelphia 1776 4 - Grafton 1
TOP OF THE 9TH
Philadelphia 1776 BC batting - Pitching for Grafton Middies : RHP Truman Valentine
Batting: LHB Manoo Satyavrat 0-0: Ball
1-0: Ball
2-0: Ball
3-0: Called Strike
3-1: Base on Balls
Batting: LHB Jeff Rutherford 0-0: Ball
1-0: Ball
2-0: Swinging Strike
2-1: Swinging Strike
2-2: Strikes out swinging
Batting: SHB Jesús Cabañe 0-0: Ball
Manoo Satyavrat steals 2nd base
1-0: SINGLE (Flyball, 9LS)
Manoo Satyavrat to third
Runner from 3rd tries for Home, SAFE, no throw
Batting: SHB Sam Quint 0-0: Foul Ball, location: 2F
0-1: Called Strike
0-2: Foul Ball, location: 2F
0-2: Fly out, F7 (Flyball, 7LS)
Batting: RHB Fernando Rivera 0-0: Ball
1-0: Swinging Strike
1-1: Foul Ball, location: 2F
1-2: Ball
2-2: Ball
3-2: Foul Ball, location: 2F
3-2: Fly out, F7 (Flyball, 7)
Top of the 9th over - 1 run, 1 hit, 0 errors, 1 left on base; Philadelphia 1776 5 - Grafton 1
BOTTOM OF THE 9TH
Grafton Middies batting - Pitching for Philadelphia 1776 BC : RHP William MacKnight
Batting: LHB Mario Ramos 0-0: Fly out, F9 (Line Drive, 9)
Batting: RHB Cristo González 0-0: Called Strike
0-1: Foul Ball, location: 2F
0-2: Ball
1-2: Ground out 5-3 (Groundball, 56S)
Batting: RHB Stefano Gaddi 0-0: Fly out, F9 (Flyball, 9LS)
Bottom of the 9th over - 0 runs, 0 hits, 0 errors, 0 left on base; Philadelphia 1776 5 - Grafton 1
Tuesday, December 19th, 2017 - OOTP Baseball 18.8 Build 76